[Event "Team 45 45 League T38"]
[Site "Internet Chess Club"]
[Date "2008.08.08"]
[Round "3"]
[White "BosqueVerde"]
[Black "KingOfHearts"]
[Result "1-0"]
[WhiteElo "1293"]
[BlackElo "1270"]
[Opening "Queen's gambit accepted"]
[ECO "D20"]
[Time "19:03:39"]
[TimeControl "2700+45"]

1. d4 d5 2. c4 dxc4 3. a4 Nf6 4. Nc3 Bf5 5. Bg5 h6 6. Bxf6 exf6 7. e4 Qe7 8. Be2
Bxe4 9. Nxe4 Qxe4 10. Nf3 Bb4+ 11. Kf1 O-O 12. Bxc4 Nc6 13. d5 Rad8 14. Qb3 Nd4
15. Nxd4 Bd2 16. Nf3 Ba5 17. Qd3 Qxd3+ 18. Bxd3 Rxd5 19. Be4 Rd7 20. Bxb7 Rfd8
21. g4 Rb8 22. Bc6 Rd6 23. Bb5 c6 24. b4 Bxb4 25. Bc4 c5 26. Kg2 Bc3 27. Rab1
Bb4 28. Rhe1 Rdd8 29. Re7 Rf8 30. Rxa7 Ra8 31. Rb7 Rxa4 32. Nh4 Kh8 33. Bxf7 Bd2
34. Ng6+ {Black resigns} 1-0

[Event "Team 45 45 League T38"]
[Site "Internet Chess Club"]
[Date "2008.08.11"]
[Round "3"]
[White "The-Capitalist"]
[Black "Graybeard"]
[Result "1/2-1/2"]
[WhiteElo "1182"]
[BlackElo "1230"]
[Opening "Ruy Lopez: four knights (Tarrasch) variation"]
[ECO "C77"]
[Time "22:00:10"]
[TimeControl "2700+45"]

1. e4 e5 2. Nf3 Nc6 3. Bb5 a6 4. Ba4 Nf6 5. Nc3 b5 6. Bb3 Bc5 7. O-O O-O 8. Nd5
Nd4 9. Nxf6+ Qxf6 10. Nxd4 Bxd4 11. c3 Bc5 12. d3 d6 13. Qe1 Be6 14. Bxe6 Qxe6
15. Be3 Bxe3 16. Qxe3 c5 17. b3 a5 18. d4 d5 19. exd5 Qxd5 20. Qxe5 Qxe5 21.
dxe5 Rfe8 22. Rfe1 Rad8 23. f4 Rd3 24. Rac1 g6 25. Red1 c4 26. bxc4 bxc4 27. Kf2
Rxd1 28. Rxd1 Rb8 29. a4 Rb3 30. Rd8+ Kg7 31. Ke3 Rxc3+ 32. Ke4 Rc2 33. Rc8 c3
34. Kd3 Ra2 35. Rxc3 Rxa4 36. Rc4 Ra3+ 37. Rc3 Ra2 38. g4 Rxh2 39. Rc7 Rh3+ 40.
Kd4 Rh1 41. e6 Rd1+ 42. Ke5 Re1+ 43. Kd5 Rd1+ 44. Ke5 Re1+ 45. Kd5 Rd1+ 46. Ke5
{Game drawn by repetition} 1/2-1/2

[Event "Team 45 45 League T38"]
[Site "Internet Chess Club"]
[Date "2008.08.11"]
[Round "3"]
[White "Esslinger"]
[Black "WannaB"]
[Result "1-0"]
[WhiteElo "1088"]
[BlackElo "1039"]
[Opening "QGD: Marshall defense"]
[ECO "D06"]
[Time "20:00:20"]
[TimeControl "2700+45"]

1. d4 d5 2. c4 Nf6 3. Nc3 Nc6 4. Nf3 dxc4 5. e3 Bf5 6. a3 b5 7. Nxb5 e6 8. Bxc4
Na5 9. Be2 a6 10. Nc3 Nc6 11. O-O Bd6 12. Bd3 Ne7 13. e4 Bg4 14. e5 Bxf3 15.
Qxf3 Nfd5 16. exd6 cxd6 17. Nxd5 Nxd5 18. Be4 O-O 19. Bxd5 exd5 20. Qxd5 Qe7 21.
Be3 Qe6 22. Qxe6 fxe6 23. Rac1 a5 24. Rc7 d5 25. Rfc1 Rab8 26. R1c2 Rf7 27. Rc8+
Rxc8 28. Rxc8+ Rf8 29. Rxf8+ Kxf8 30. b4 axb4 31. axb4 Ke8 32. Kf1 Kd7 33. Ke2
Kc6 34. Kd3 Kb5 35. Bd2 g6 36. Ke3 g5 37. g3 h6 38. f4 gxf4+ 39. gxf4 Kc4 40. h4
h5 41. Be1 Kb5 42. f5 exf5 43. Kf4 Kc4 44. Bc3 Kxc3 45. b5 Kb4 46. b6 Kb5 47. b7
Kb6 48. b8=Q+ {Black resigns} 1-0

[Event "Team 45 45 League T38"]
[Site "Internet Chess Club"]
[Date "2008.08.08"]
[Round "3"]
[White "carolinaknight"]
[Black "farbror"]
[Result "0-1"]
[WhiteElo "1162"]
[BlackElo "1164"]
[Opening "Owen defense"]
[ECO "B00"]
[Time "22:58:45"]
[TimeControl "2700+45"]

1. e4 b6 2. d4 Bb7 3. Nc3 g6 4. Bc4 Bg7 5. Be3 e6 6. Nf3 Ne7 7. O-O d6 8. Ng5 h6
9. Nxf7 Kxf7 10. Qf3+ Bf6 11. Rad1 d5 12. Bb3 dxe4 13. Nxe4 Nd7 14. a3 Bd5 15.
c4 Bxe4 16. Qxe4 c5 17. Rd2 Qc7 18. d5 Qe5 19. dxe6+ Qxe6 20. Qf3 Rad8 21. Re2
Ne5 22. Qg3 Qg4 23. f4 {White resigns} 0-1

[Event "Team 45 45 League T38"]
[Site "Internet Chess Club"]
[Date "2008.08.10"]
[Round "3"]
[White "RedSkull"]
[Black "furrbrain"]
[Result "1-0"]
[WhiteElo "1198"]
[BlackElo "1198"]
[Opening "Nimzovich-Larsen attack"]
[ECO "A01"]
[Time "20:00:12"]
[TimeControl "2700+45"]

1. b3 e6 2. Bb2 Nf6 3. Nf3 d5 4. e3 a6 5. c4 c6 6. d4 Be7 7. Bd3 O-O 8. O-O b6
9. Nc3 Bb7 10. a3 c5 11. Re1 Ne4 12. Bc2 cxd4 13. exd4 Nxc3 14. Bxc3 Qc7 15. Ne5
f6 16. Nf3 Bd6 17. Bb2 Qf7 18. Qd3 g6 19. b4 Nd7 20. c5 bxc5 21. bxc5 Bc7 22.
Ba4 Rab8 23. Bc1 Ba5 24. Re2 e5 25. c6 e4 26. Qe3 exf3 27. gxf3 Bc8 28. Qe6 Qxe6
29. Rxe6 Nb6 30. c7 Bxe6 31. cxb8=Q Rxb8 32. Rb1 Bc3 33. Bf4 Nd7 34. Bxb8 Nxb8
35. Rxb8+ Kg7 36. Rb7+ Kh6 37. Rb6 Bc8 38. Rxf6 Bxd4 39. Rd6 Bb7 40. Bc6 Bc5 41.
Re6 Bc8 42. Re8 Bf5 43. Bxd5 Bxa3 44. Be6 Bd3 45. Rc8 Bb2 46. Bc4 Bxc4 47. Rxc4
a5 48. Kf1 Kg5 49. Ke2 Kf5 50. Kd2 Bf6 51. Kc2 Ke5 52. Kb3 Bd8 53. Re4+ Kd5 54.
Re8 Bb6 55. Rh8 Kc5 56. Ka4 Bc7 57. Rxh7 Kb6 58. Rh6 {Black resigns} 1-0

[Event "Team 45 45 League T38"]
[Site "Internet Chess Club"]
[Date "2008.08.10"]
[Round "3"]
[White "PsyMar"]
[Black "kjs110"]
[Result "0-1"]
[WhiteElo "1116"]
[BlackElo "1133"]
[Opening "Pirc: classical (two knights) system"]
[ECO "B08"]
[Time "14:00:34"]
[TimeControl "2700+45"]

1. e4 d6 2. d4 Nf6 3. Nc3 g6 4. Nf3 Bg7 5. Qe2 O-O 6. e5 Ng4 7. Ng5 h6 8. Nge4
d5 9. h3 Nxe5 10. dxe5 dxe4 11. Qxe4 Bf5 12. Qe3 Bxc2 13. g4 Nc6 14. f4 e6 15.
Rh2 Nd4 16. Rd2 c5 17. b3 Qa5 18. Rxd4 cxd4 19. Qxd4 Rad8 20. Qf2 Qxc3+ 21. Bd2
Qxa1+ 22. Ke2 Qd1+ 23. Ke3 Rd3+ 24. Bxd3 Rd8 25. Bxc2 Qxc2 26. Ba5 Rd3+ {White
resigns} 0-1

[Event "Team 45 45 League T38"]
[Site "Internet Chess Club"]
[Date "2008.08.09"]
[Round "3"]
[White "Swaney"]
[Black "nanning"]
[Result "1-0"]
[WhiteElo "1792"]
[BlackElo "1566"]
[Opening "Sicilian: Smith-Morra gambit"]
[ECO "B21"]
[Time "14:00:31"]
[TimeControl "2700+45"]

1. e4 c5 2. d4 cxd4 3. c3 Nf6 4. e5 Nd5 5. Nf3 e6 6. Bc4 Nb6 7. Bb3 Nc6 8. cxd4
d6 9. Qe2 dxe5 10. dxe5 Be7 11. Nc3 O-O 12. h4 Nd4 13. Nxd4 Qxd4 14. Bg5 Bb4 15.
O-O h6 16. Rad1 Qc5 17. Bxh6 gxh6 18. Qg4+ Kh8 19. Qh5 f5 20. Qxh6+ Kg8 21. Rd3
Qxe5 22. Rg3+ Kf7 23. Rd1 Bxc3 24. bxc3 Bd7 25. f4 Qh8 26. Rxd7+ Ke8 {Black
resigns} 1-0

[Event "Team 45 45 League T38"]
[Site "Internet Chess Club"]
[Date "2008.08.08"]
[Round "3"]
[White "ZiggyStardust"]
[Black "Ghashgork"]
[Result "0-1"]
[WhiteElo "1592"]
[BlackElo "1694"]
[Opening "Pirc: Byrne variation"]
[ECO "B07"]
[Time "16:00:09"]
[TimeControl "2700+45"]

1. e4 d6 2. d4 Nf6 3. Nc3 g6 4. Bg5 Bg7 5. Nf3 c6 6. h3 O-O 7. Bd3 Nbd7 8. O-O
h6 9. Bh4 Nh7 10. Qd2 Re8 11. Rfe1 Qb6 12. Na4 Qc7 13. b3 c5 14. Rad1 cxd4 15.
Bc4 Ne5 16. Nxd4 Nxc4 17. bxc4 Qxc4 18. Nc3 Bxd4 19. Qxd4 Qxd4 20. Rxd4 Be6 21.
Nd5 Bxd5 22. exd5 g5 23. Bg3 Rac8 24. c4 Nf8 25. a4 Ng6 26. f3 f5 27. Bh2 Kf7
28. Re6 f4 29. g3 fxg3 30. Bxg3 Kg7 31. h4 Nf8 32. Re2 Nh7 33. hxg5 hxg5 34. f4
gxf4 35. Bxf4 Kf7 36. Rf2 Rg8+ 37. Kf1 Nf6 38. Bh6 Rg6 39. Be3 b6 40. Rdf4 Rcg8
41. R2f3 Rg4 42. Rxg4 Rxg4 43. a5 bxa5 44. Bxa7 Rxc4 45. Ra3 a4 46. Ke2 Nxd5 47.
Kd3 Rg4 48. Kc2 e5 49. Rf3+ Ke6 50. Rf8 a3 51. Kb3 Rg3+ 52. Ka2 Rh3 53. Rd8 Nb4+
54. Ka1 Rh1+ {White resigns} 0-1

[Event "Team 45 45 League T38"]
[Site "Internet Chess Club"]
[Date "2008.08.11"]
[Round "3"]
[White "chicopee-ed"]
[Black "BarryNL"]
[Result "1/2-1/2"]
[WhiteElo "1489"]
[BlackElo "1529"]
[Opening "Queen's pawn game"]
[ECO "D04"]
[Time "14:00:49"]
[TimeControl "2700+45"]

1. d4 d5 2. Nf3 Nf6 3. e3 g6 4. c4 c6 5. cxd5 cxd5 6. Nc3 Bg7 7. Be2 O-O 8. O-O
Nbd7 9. Bd2 Nb6 10. Rc1 Bf5 11. Nh4 Be6 12. Nf3 Rc8 13. Re1 Nc4 14. b3 Nd6 15.
Qc2 Rc6 16. Ne5 Rc7 17. Qb1 Qc8 18. Nb5 Nxb5 19. Bxb5 a6 20. Bd3 Nd7 21. Nxd7
Qxd7 22. Rxc7 Qxc7 23. Rc1 Qd7 24. Rc2 Rc8 25. Qc1 Rxc2 26. Qxc2 Qc8 27. Qxc8+
Bxc8 28. Bb4 e6 29. Bc3 Bf8 30. Kf1 Bd6 31. Kg1 Kf8 32. b4 b5 33. Be2 Ke7 34. g3
f5 35. f4 Kd7 36. Kf2 h6 37. h4 h5 38. Ke1 Bc7 39. Kd2 {Game drawn by mutual
agreement} 1/2-1/2

[Event "Team 45 45 League T38"]
[Site "Internet Chess Club"]
[Date "2008.08.09"]
[Round "3"]
[White "EyeAm"]
[Black "smsxman"]
[Result "1-0"]
[WhiteElo "1466"]
[BlackElo "1508"]
[Opening "King's pawn game"]
[ECO "C50"]
[Time "13:00:52"]
[TimeControl "2700+45"]

1. e4 e5 2. Nf3 Nc6 3. Bc4 h6 4. d4 exd4 5. Nxd4 Bc5 6. Bxf7+ Kxf7 7. Qh5+ Kf8
8. Qxc5+ Qe7 9. Qxe7+ Ngxe7 10. Nxc6 Nxc6 11. Nc3 Ne7 12. Nb5 d6 13. Nxc7 Rb8
14. Bf4 Kf7 15. Bxd6 Bd7 16. Bxe7 Kxe7 17. Nd5+ Kf7 18. O-O Bc6 19. b3 Rbd8 20.
c4 b5 21. Rfd1 bxc4 22. bxc4 Ba4 23. Rdc1 Rhe8 24. f3 Bc6 25. Kf2 g5 26. g4 Kg6
27. Kg3 Bxd5 28. cxd5 Rb8 29. Rc6+ Kh7 30. Rc7+ Kh8 31. Rxa7 Rb2 32. Rh1 Rc8 33.
h4 Kg8 34. hxg5 hxg5 35. Rh5 Rcc2 36. Rxg5+ Kf8 37. Rf5+ Kg8 38. d6 Rd2 39. d7
Rg2+ 40. Kf4 Rgd2 41. Rd5 Rxd5 42. exd5 Rb8 43. Rc7 Rd8 44. Rc8 Kf8 45. d6
{Black resigns} 1-0

[Event "Team 45 45 League T38"]
[Site "Internet Chess Club"]
[Date "2008.08.12"]
[Round "3"]
[White "okun"]
[Black "kingphisch"]
[Result "1-0"]
[WhiteElo "1595"]
[BlackElo "1467"]
[Opening "Réti opening"]
[ECO "A04"]
[Time "17:02:38"]
[TimeControl "2700+45"]

1. Nf3 c6 2. g3 d5 3. Bg2 Nf6 4. O-O e6 5. d3 Bd6 6. Nc3 Nbd7 7. e4 O-O 8. Re1
Qc7 9. exd5 exd5 10. d4 b5 11. Bg5 Bb7 12. Nh4 Rfe8 13. Qd3 b4 14. Ne2 Ne4 15.
Be3 c5 16. Nf5 c4 17. Qd1 Rac8 18. Nxd6 Qxd6 19. Bf4 Qb6 20. f3 Nef6 21. c3 Nh5
22. Qa4 Nxf4 23. Nxf4 Nf6 24. Qxb4 Qxb4 25. cxb4 g5 26. Nh3 h6 27. Nf2 Rxe1+ 28.
Rxe1 c3 29. bxc3 Rxc3 30. Re7 Rc1+ 31. Bf1 Bc6 32. Rc7 Ne8 33. Rc8 Kf8 34. b5
Rxf1+ 35. Kxf1 Bxb5+ 36. Ke1 a6 37. Ra8 Ke7 38. a4 Bc4 39. Ng4 h5 40. Ne3 Nd6
41. Nxc4 Nxc4 42. Rxa6 f6 43. a5 Ne3 44. Ke2 Nc2 45. Ra7+ Ke6 46. Kd3 Nb4+ 47.
Kc3 Na2+ 48. Kb2 Nb4 49. a6 Nc6 50. Ra8 Nxd4 51. a7 Kf5 52. Rh8 Nxf3 53. a8=Q
Nxh2 54. Qxd5+ Kg4 55. Qg2 Nf3 56. Rxh5 Kxh5 57. Qxf3+ Kg6 58. g4 Kf7 59. Qf5
Kg7 60. Kc3 Kf7 61. Qd7+ Kg6 62. Qe8+ Kh6 63. Qh8+ Kg6 64. Kd4 f5 65. Qg8+ Kf6
66. Qf8+ {Black resigns} 1-0

[Event "Team 45 45 League T38"]
[Site "Internet Chess Club"]
[Date "2008.08.09"]
[Round "3"]
[White "luster-snow"]
[Black "Pranav1"]
[Result "0-1"]
[WhiteElo "1327"]
[BlackElo "1564"]
[Opening "Ruy Lopez: exchange, Keres variation"]
[ECO "C68"]
[Time "13:00:09"]
[TimeControl "2700+45"]

1. e4 e5 2. Nf3 Nc6 3. Bb5 a6 4. Bxc6 dxc6 5. Nc3 Bd6 6. h3 Nf6 7. d3 Be6 8. O-O
Qd7 9. Bg5 h6 10. Bxf6 gxf6 11. Re1 Bxh3 12. g3 O-O-O 13. Nh2 Bc5 14. Qf3 Rhg8
15. Qxf6 Rxg3+ 16. Kh1 Rg2 17. Re2 Rdg8 18. Rc1 Qe6 19. Qh4 Qg6 20. Nf3 Rh2+ 21.
Nxh2 Qg2# {White checkmated} 0-1

[Event "Team 45 45 League T38"]
[Site "Internet Chess Club"]
[Date "2008.08.10"]
[Round "3"]
[White "Just-Jim"]
[Black "supraholic"]
[Result "1-0"]
[WhiteElo "1472"]
[BlackElo "1289"]
[Opening "Two knights defense"]
[ECO "C57"]
[Time "15:28:51"]
[TimeControl "2700+45"]

1. e4 e5 2. Nf3 Nc6 3. Bc4 Nf6 4. Ng5 d5 5. exd5 Nxd5 6. d3 h6 7. Nxf7 Kxf7 8.
Qf3+ Ke6 9. Nc3 Ne7 10. O-O g5 11. Re1 Bg7 12. Ne4 Rf8 13. Qg4+ Rf5 14. Ng3 Kd6
15. Nxf5+ Bxf5 16. Qg3 Qd7 17. Bd2 Rf8 18. d4 Ng6 19. Qa3+ Ke6 20. Qxa7 c6 21.
c3 Nh4 22. dxe5 Bxe5 23. a4 Kf6 24. Qc5 Rf7 25. b4 b6 26. f4 bxc5 27. fxe5+ Kg7
28. bxc5 Bh3 29. e6 Bxe6 30. Re5 Rf5 31. Ree1 Kf6 32. Bd3 Re5 33. Rf1+ Rf5 34.
Rfe1 Nf3+ 35. gxf3 Rxf3 36. Be4 Nf4 37. Be3 Rxe3 38. Rxe3 Qd2 39. Rg3 Nh3+ 40.
Rxh3 Bxh3 41. Bxc6 Qg2+ 42. Bxg2 {Black resigns} 1-0

[Event "Team 45 45 League T38"]
[Site "Internet Chess Club"]
[Date "2008.08.12"]
[Round "3"]
[White "CLEAN"]
[Black "reverendjim"]
[Result "1-0"]
[WhiteElo "1315"]
[BlackElo "1164"]
[Opening "Sicilian defense"]
[ECO "B20"]
[Time "23:00:42"]
[TimeControl "2700+45"]

1. e4 c5 2. Bc4 d6 3. Nc3 Nc6 4. Nf3 Bg4 5. h3 Bh5 6. O-O Bxf3 7. Qxf3 e6 8. d3
Be7 9. Qg3 g6 10. b3 Bf6 11. Bd2 Nge7 12. a3 O-O 13. Rab1 d5 14. exd5 Nxd5 15.
Ne4 Nd4 16. Rfe1 Nxc2 17. Re2 Nxa3 18. Rbe1 Nc2 19. Rd1 Nd4 20. Ree1 b5 21. Bxd5
exd5 22. Nxc5 Re8 23. Bh6 Nf5 24. Rxe8+ Qxe8 25. Qf3 Qc6 26. Be3 Bd4 27. b4 a5
28. Bxd4 Nxd4 29. Qe3 Nf5 30. Qe1 Re8 31. Qc3 d4 32. Qb2 a4 33. Rc1 Nh4 34. Ne4
Qb6 35. Qd2 Nf5 36. g4 Ne7 37. Qg5 Kg7 38. Qe5+ f6 39. Qc7 Qxc7 40. Rxc7 {Black
forfeits on time} 1-0

[Event "Team 45 45 League T38"]
[Site "Internet Chess Club"]
[Date "2008.08.12"]
[Round "3"]
[White "kynduvme"]
[Black "CoasterBrake"]
[Result "1-0"]
[WhiteElo "1172"]
[BlackElo "1229"]
[Opening "Caro-Kann defense"]
[ECO "B10"]
[Time "19:00:22"]
[TimeControl "2700+45"]

1. e4 c6 2. Nf3 d5 3. e5 Bf5 4. d4 e6 5. Be2 Nd7 6. O-O f6 7. Bf4 fxe5 8. Nxe5
Nxe5 9. Bxe5 Nf6 10. c4 Bd6 11. Bh5+ g6 12. Be2 Bxe5 13. dxe5 Nd7 14. f4 Be4 15.
Nc3 Qb6+ 16. Kh1 Qxb2 17. Nxe4 dxe4 18. Bg4 Rd8 19. Bxe6 Nc5 20. Qg4 Ke7 21. f5
Nxe6 22. fxe6 Rhf8 23. Qg5+ Rf6 24. Qxf6+ {Black resigns} 1-0

[Event "Team 45 45 League T38"]
[Site "Internet Chess Club"]
[Date "2008.08.06"]
[Round "3"]
[White "dornoch"]
[Black "chips"]
[Result "0-1"]
[WhiteElo "1021"]
[BlackElo "1116"]
[Opening "Scandinavian (center counter) defense"]
[ECO "B01"]
[Time "21:17:41"]
[TimeControl "2700+45"]

1. e4 d5 2. exd5 Qxd5 3. Nc3 Qe5+ 4. Be2 e6 5. d4 Qf6 6. Nf3 Qd8 7. Bb5+ c6 8.
Ba4 Bb4 9. Qd2 Nf6 10. Qd3 O-O 11. O-O Nbd7 12. a3 Be7 13. Re1 a6 14. Bg5 Ne8
15. Bxe7 Qxe7 16. Ne5 Nef6 17. Ne4 Nxe4 18. Nxd7 Nxf2 19. Kxf2 Bxd7 20. Kg1 b5
21. Bb3 a5 22. c3 a4 23. Bc2 g6 24. b3 axb3 25. Bxb3 Rxa3 26. Rxa3 Qxa3 27. Qc2
Ra8 28. Rb1 Qe7 29. Rb2 Ra1+ 30. Rb1 Rxb1+ 31. Qxb1 Kg7 32. c4 b4 33. d5 exd5
34. cxd5 Qc5+ 35. Kh1 cxd5 36. Qb2+ f6 37. Qc2 Qxc2 38. Bxc2 Kh6 39. Kg1 Kg5 40.
Kf2 Kf4 41. Ke2 Bb5+ 42. Kd2 Ke5 43. Bb3 Kd4 44. Kc2 Bc4 45. g3 Bxb3+ 46. Kxb3
Ke3 47. Kxb4 d4 48. Kb3 f5 49. h3 g5 50. h4 gxh4 51. gxh4 f4 52. Kc2 f3 {White
resigns} 0-1

[Event "Team 45 45 League T38"]
[Site "Internet Chess Club"]
[Date "2008.08.12"]
[Round "3"]
[White "KingsGrace"]
[Black "Visin"]
[Result "0-1"]
[WhiteElo "1286"]
[BlackElo "1277"]
[Opening "QGD: Marshall defense"]
[ECO "A50"]
[Time "13:01:22"]
[TimeControl "2700+45"]

1. d4 Nf6 2. c4 d5 3. Bf4 e6 4. Nf3 Bd6 5. e3 Bxf4 6. exf4 O-O 7. Nc3 b6 8. Bd3
c5 9. cxd5 exd5 10. Rc1 Re8+ 11. Ne5 Nbd7 12. O-O cxd4 13. Nb5 Nc5 14. Bc2 Ba6
15. a4 Bxb5 16. axb5 Ncd7 17. Re1 Nxe5 18. fxe5 Nd7 19. Qd3 g6 20. Bb3 Nxe5 21.
Qxd4 Nc4 22. Red1 Rc8 23. g3 Na5 24. Rc3 Rxc3 25. Qxc3 Nxb3 26. Qxb3 Re5 27. Kg2
Qd7 28. Rd3 d4 29. Rf3 Qd5 30. Qa4 Qd7 31. Qc4 Rd5 32. Rf4 d3 33. Rxf7 Qxf7 34.
Qc8+ Kg7 35. Qc3+ Kg8 36. Qc8+ Qf8 37. Qe6+ Qf7 38. Qc8+ Kg7 39. Qc3+ Kh6 40.
Qd2+ g5 41. h4 Rxb5 42. Qxg5+ Rxg5 {White resigns} 0-1

[Event "Team 45 45 League T38"]
[Site "Internet Chess Club"]
[Date "2008.08.10"]
[Round "3"]
[White "Dalcon"]
[Black "Skyler"]
[Result "1-0"]
[WhiteElo "1274"]
[BlackElo "1439"]
[Opening "Sicilian defense"]
[ECO "B32"]
[Time "15:00:08"]
[TimeControl "2700+45"]

1. e4 c5 2. Nf3 Nc6 3. d4 cxd4 4. Nxd4 d6 5. Bb5 Bd7 6. O-O Nxd4 7. Bxd7+ Qxd7
8. Qxd4 Nf6 9. Nc3 g6 10. Nd5 Bg7 11. c3 O-O 12. Bg5 Ng4 13. Qd2 Ne5 14. Ne3
Rfd8 15. Rfd1 Rac8 16. Qc2 Rc6 17. b3 Ng4 18. Nd5 Re8 19. Rd3 e6 20. Nb4 Rc7 21.
Rad1 d5 22. Bf4 Rcc8 23. exd5 exd5 24. Nxd5 Qf5 25. g3 Red8 26. Ne3 Nxe3 27.
Rxd8+ Rxd8 28. Rxd8+ Bf8 29. Qxf5 gxf5 30. Bxe3 Kg7 31. Bd4+ Kg6 32. Rxf8 Kg5
33. Rxf7 b6 34. Rxh7 Kg4 35. Rxa7 b5 36. Ra5 Kf3 37. Rxb5 Kg4 38. Kg2 Kg5 39.
Be3+ Kg4 40. f3+ Kh5 41. Rxf5+ Kg6 42. Ra5 Kf6 43. Kh3 Ke6 44. Kg4 Kf6 45. Rh5
Kg7 46. Kf5 Kg8 47. Rh6 Kf8 48. Rh7 Kg8 49. Kg6 Kf8 50. Kf6 Kg8 51. Ra7 Kh8 52.
Kg6 Kg8 53. Ra8# {Black checkmated} 1-0

[Event "Team 45 45 League T38"]
[Site "Internet Chess Club"]
[Date "2008.08.08"]
[Round "3"]
[White "Duck-Man"]
[Black "rpgrossman"]
[Result "1-0"]
[WhiteElo "1219"]
[BlackElo "1050"]
[Opening "Giuoco Pianissimo"]
[ECO "C55"]
[Time "09:04:31"]
[TimeControl "2700+45"]

1. e4 e5 2. Nf3 Nc6 3. Bc4 Nf6 4. d3 Bc5 5. O-O Ng4 6. Nc3 Nxf2 7. Rxf2 Bxf2+ 8.
Kxf2 O-O 9. Be3 d6 10. d4 Bg4 11. d5 Nd4 12. Bxd4 Bxf3 13. Qxf3 exd4 14. Ne2
Qh4+ 15. Qg3 Qf6+ 16. Kg1 d3 17. Bxd3 Qxb2 18. Rf1 Qxa2 19. e5 Rae8 20. Nf4 Rxe5
21. Qh4 g6 22. Qh6 Rxd5 23. Nxd5 Qxd5 24. Qf4 a5 25. Bc4 Qc5+ 26. Kh1 Qf5 27.
Qxf5 gxf5 28. Rxf5 a4 29. Rg5+ Kh8 30. Ra5 Re8 31. Kg1 Re4 32. Rxa4 b5 33. Ra8+
Kg7 34. Bxb5 c5 35. Re8 Rxe8 36. Bxe8 Kf6 37. Kf2 Ke5 38. Bxf7 d5 39. Ke3 d4+
40. Kd3 h6 41. c3 Kf6 42. Bc4 Ke5 43. cxd4+ cxd4 44. Bb3 h5 45. Bd1 Kd5 46. Bxh5
Kc5 47. h4 Kd5 48. Bf3+ Ke5 49. g4 Kf4 50. Be2 Kg3 51. h5 Kh4 52. Kxd4 Kg5 53.
Ke4 Kh6 54. Kf5 {Black resigns} 1-0

[Event "Team 45 45 League T38"]
[Site "Internet Chess Club"]
[Date "2008.08.07"]
[Round "3"]
[White "Daidalos"]
[Black "bowwrestler"]
[Result "0-1"]
[WhiteElo "995"]
[BlackElo "964"]
[Opening "English opening"]
[ECO "A20"]
[Time "10:29:07"]
[TimeControl "2700+45"]

1. c4 e5 2. e4 Nf6 3. d3 Nc6 4. Nf3 d6 5. Bd2 Bg4 6. Be2 Be7 7. b4 a6 8. Bc3
Bxf3 9. Bxf3 b5 10. Nd2 O-O 11. Nb3 Nb8 12. Na5 Nbd7 13. Nc6 Qe8 14. O-O Nb8 15.
Na5 c5 16. Rb1 Nc6 17. Nb3 cxb4 18. cxb5 bxc3 19. bxc6 Qxc6 20. Qc2 Rac8 21. Na5
Qc7 22. Nc4 Qc5 23. Qxc3 Qc7 24. Rb6 Ra8 25. Rfb1 Rfb8 26. Qa5 Qa7 27. R1b3 Bd8
28. a4 Nd7 29. Qb4 Nxb6 30. Nxb6 Bxb6 31. a5 Bc7 32. Qa4 Rxb3 33. Qxb3 Bxa5 34.
Bh5 Rf8 35. g3 Bb6 36. Qb2 Rb8 37. Qa2 Rc8 38. Kg2 Rc3 39. Be2 Qc7 40. Qd5 Rc5
41. Qa8+ Qc8 42. Qxc8+ Rxc8 43. h4 a5 44. Bd1 Ra8 45. Ba4 Rc8 46. Kf3 Rc3 47.
Ke2 Ra3 48. Bc2 Ra2 49. Kd2 a4 50. f3 a3 51. Kc1 Ra1+ 52. Kd2 Ra2 53. Kc1 Rb2
54. Bb1 Bd4 55. g4 a2 56. Bxa2 Rxa2 57. Kb1 Rd2 58. h5 Rxd3 {White resigns} 0-1

[Event "Team 45 45 League T38"]
[Site "Internet Chess Club"]
[Date "2008.08.10"]
[Round "3"]
[White "Luckydawg"]
[Black "tourettes"]
[Result "1/2-1/2"]
[WhiteElo "1742"]
[BlackElo "1684"]
[Opening "English: symmetrical variation"]
[ECO "A30"]
[Time "08:36:19"]
[TimeControl "2700+45"]

1. c4 c5 2. g3 Nf6 3. Bg2 e6 4. Nf3 Be7 5. O-O O-O 6. Nc3 Nc6 7. b3 d5 8. cxd5
exd5 9. d4 b6 10. Bb2 Bf5 11. Rc1 Ne4 12. dxc5 Nxc3 13. Bxc3 bxc5 14. Ne5 Nxe5
15. Bxe5 Be4 16. Bxe4 dxe4 17. Rc4 f5 18. Qc2 Qb6 19. Qc3 g6 20. Rd1 Rad8 21.
Rxd8 Qxd8 22. Qb2 Qd5 23. Bh8 Rf7 24. Be5 Bf8 25. Rc2 Bh6 26. Qc3 Re7 27. Bf4
Bxf4 28. gxf4 Rc7 29. Rd2 Qa8 30. Qc4+ Kg7 31. Qe6 Qb7 {Game drawn by mutual
agreement} 1/2-1/2

[Event "Team 45 45 League T38"]
[Site "Internet Chess Club"]
[Date "2008.08.12"]
[Round "3"]
[White "crankn8tr"]
[Black "bmw2002"]
[Result "0-1"]
[WhiteElo "1600"]
[BlackElo "1592"]
[Opening "French defense"]
[ECO "C11"]
[Time "21:08:30"]
[TimeControl "2700+45"]

1. e4 e6 2. d4 d5 3. Nc3 Nf6 4. exd5 exd5 5. Qf3 Bg4 6. Qg3 Bd6 7. Bf4 Qe7+ 8.
Kd2 O-O 9. Bxd6 Qxd6 10. Qxd6 cxd6 11. Re1 Nc6 12. Nge2 Bxe2 13. Nxe2 Ne4+ 14.
Ke3 Rfe8 15. Rg1 Nb4 16. Rc1 Nxa2 17. Rd1 Nec3+ {White resigns} 0-1

[Event "Team 45 45 League T38"]
[Site "Internet Chess Club"]
[Date "2008.08.12"]
[Round "3"]
[White "toadwarble"]
[Black "Zyme"]
[Result "0-1"]
[WhiteElo "1171"]
[BlackElo "1416"]
[Opening "King's Indian: orthodox, Aronin-Taimanov, 9.Ne1"]
[ECO "E98"]
[Time "16:05:33"]
[TimeControl "2700+45"]

1. d4 Nf6 2. c4 g6 3. Nc3 Bg7 4. e4 d6 5. Nf3 O-O 6. Be2 e5 7. O-O Nc6 8. d5 Ne7
9. Ne1 Nd7 10. Be3 f5 11. f3 Nf6 12. c5 f4 13. Bf2 g5 14. a4 Ng6 15. a5 a6 16.
cxd6 cxd6 17. b4 Bd7 18. Na4 Rb8 19. Nb6 Be8 20. Nd3 Nd7 21. Rc1 Nxb6 22. Bxb6
Qe7 23. Rc7 Bd7 24. Nb2 Rfc8 25. Rxc8+ Rxc8 26. Nc4 Nh8 27. Bf2 Nf7 28. Nb6 Rc7
29. Nxd7 Qxd7 30. Qa1 Qc8 31. Qa4 Rc2 32. Bd1 Rd2 33. Be1 Rd4 34. Bf2 Rc4 35.
Be2 Rc2 36. Bd1 Rc7 37. Bb6 Rc3 38. Bf2 h5 39. Be1 Rc7 40. Be2 g4 41. b5 Rc2 42.
Bd1 Rc4 43. Qa1 axb5 44. Qb1 Qc5+ 45. Kh1 Rc1 46. Qb3 Qc4 47. Qxc4 bxc4 48. Be2
Rc2 49. Bd1 Ra2 50. Bb3 Ra1 51. Bxc4 gxf3 52. gxf3 Bf6 53. Bc3 Ra3 54. Be1 Ng5
55. Bb4 Ra4 56. Rb1 Nxf3 57. Bb5 Ra2 58. Rg1+ Nxg1 59. Kxg1 Rb2 60. Bxd6 Rxb5
61. Bc7 Rb4 62. d6 Rxe4 63. d7 Rd4 {White resigns} 0-1

[Event "Team 45 45 League T38"]
[Site "Internet Chess Club"]
[Date "2008.08.09"]
[Round "3"]
[White "isolani"]
[Black "jacknor"]
[Result "1-0"]
[WhiteElo "1444"]
[BlackElo "1613"]
[Opening "Bogo-Indian defense, Nimzovich variation"]
[ECO "E11"]
[Time "14:01:34"]
[TimeControl "2700+45"]

1. Nf3 Nf6 2. d4 e6 3. c4 Bb4+ 4. Bd2 Qe7 5. a3 Bxd2+ 6. Nbxd2 O-O 7. e3 b6 8.
g3 Bb7 9. Bg2 c5 10. O-O d6 11. b4 Nbd7 12. bxc5 dxc5 13. Re1 cxd4 14. exd4 Qd6
15. a4 Rac8 16. a5 Bxf3 17. Nxf3 Rxc4 18. a6 Rfc8 19. Ra2 Nd5 20. Ng5 Nc3 21.
Qh5 Qxd4 22. Qxf7+ Kh8 23. Nxe6 Rg8 24. Nxd4 {Black resigns} 1-0

[Event "Team 45 45 League T38"]
[Site "Internet Chess Club"]
[Date "2008.08.09"]
[Round "3"]
[White "alaskauk"]
[Black "PANAMA-REY"]
[Result "0-1"]
[WhiteElo "1464"]
[BlackElo "1453"]
[Opening "Philidor's defense"]
[ECO "C41"]
[Time "15:00:15"]
[TimeControl "2700+45"]

1. e4 e5 2. Nf3 d6 3. Bc4 Be7 4. O-O Nf6 5. Re1 O-O 6. c3 Bg4 7. d3 h6 8. h3 Bc8
9. Be3 Nc6 10. a3 Kh8 11. Qd2 Nh7 12. b4 f5 13. Qa2 fxe4 14. dxe4 Bxh3 15. gxh3
Rxf3 16. Be6 Bg5 17. Qe2 Rf6 18. Bxg5 Nxg5 19. Bf5 Ne7 20. h4 Ne6 21. Bxe6 Rxe6
22. Qg4 Rg6 {White resigns} 0-1